[Event "Early-Titled-Tuesday-Blitz-July-09-2024"]
[Site "Chess.com"]
[Date "2024.07.09"]
[Round "10"]
[White "MarijaKuznecova"]
[Black "theoneandonlydaaevik"]
[Result "1-0"]
[WhiteElo "2467"]
[BlackElo "2611"]
[TimeControl "180+1"]
[EndTime "9:58:02 PDT"]
[Termination "MarijaKuznecova won by checkmate"]

1. e4 g6 2. d4 Bg7 3. Nc3 a6 4.
f4 b5 5. a3 Bb7 6. Nf3 d6 7.
Be3 Nd7 8. e5 c5 9. exd6 exd6 10.
dxc5 Nxc5 11. Bd4 Nf6 12. Be2 O-O 13. O-O Qc7 14. Bd3 Rae8 15. Qd2 Nfe4 16. Bxe4 Nxe4 17.
Nxe4 Rxe4 18. Bxg7 Kxg7 19. Rad1 Rfe8 20. Qxd6 Qxd6 21.
Rxd6 Re2 22. Rf2 R2e4 23. Rd7 Bc6 24. Rc7 Bd5 25. Ng5 Re1+ 26. Rf1 h6 27. Nf3 Rxf1+ 28. Kxf1 Bc4+ 29. Kg1 Re2 30. b3 Bd5 31. h4 h5 32. Kf1 Bxf3 33. gxf3 Rh2 34. Rc6 Rxh4 35. Rxa6 Rxf4 36. Kg2 Rd4 37. Rb6 Rd2+ 38. Kg3 Rxc2 39.
Rxb5 Kh6 40. a4 g5 41. Rb6+ Kg7 42. a5 Ra2 43. Rb5 Kg6 44. b4 h4+ 45. Kh3 f5 46. Rc5 Rf2 47. a6 Ra2 48. b5 Rf2 49. a7 Rxf3+ 50.
Kg2 Ra3 51. b6 h3+ 52. Kh2 Kh5 53. b7 Kh4 54. b8=Q Ra2+ 55. Kg1 g4 56. Qh8+ Kg3 57. Rc3+ Kf4 58. Qh6+ Ke4 59. Qe3+ Kd5 60. Rc5+ Kd6 61. Qe5+ Kd7 62. Rc7+ Kd8 63. Qe7# 1-0

[Event "Early-Titled-Tuesday-Blitz-July-09-2024"]
[Site "Chess.com"]
[Date "2024.07.09"]
[Round "10"]
[White "vladgoncharov"]
[Black "bubeliang"]
[Result "1/2-1/2"]
[WhiteElo "2668"]
[BlackElo "2809"]
[TimeControl "180+1"]
[EndTime "9:58:04 PDT"]
[Termination "Game drawn - insufficient material"]

1. d4 d5 2. c4 e6 3. Nc3 Nf6 4. Bg5 Be7 5. e3 O-O 6. Rc1 h6 7. Bh4 Nbd7 8. cxd5 Nxd5 9. Nxd5 Bxh4 10. Nxc7 Rb8 11.
Nb5 Qb6 12. Qb3 e5 13. Nf3 Bf6 14. Bc4 a6 15. Nc7 exd4 16. exd4 Bxd4 17. Qxb6 Bxb6 18.
Nd5 Ba5+ 19. b4 Bd8 20. O-O b5 21. Bb3 Bb7 22. Rfd1 Nf6 23. Ne5 Rc8 24. Rxc8 Bxc8 25. Nc6 Nxd5 26. Nxd8 Rxd8 27. Rxd5 Re8 28. f3 Be6 29. Re5 Kf8 30. Bxe6 fxe6 31. Kf2 Ke7 32. Rc5 Rd8 33. Ke3 Rd6 34. Rc7+ Kf6 35. h4 h5 36. Rc5 g6 37. g4 hxg4 38. fxg4 e5 39. a3 Ke6 40. Rc8 Rd4 41. h5 Rxg4 42. h6 Rh4 43. Rh8 Kf5 44. Kf3 Kg5 45. h7 Kh6 46. Ra8 Kxh7 47.
Rxa6 Kh6 48. Re6 Rh3+ 49. Ke4 Rxa3 50. Rxe5 g5 51. Rxb5 Kh5 52. Rb8 Rb3 53. Kd4 g4 54. Kc4 Rb1 55. b5 g3 56. Rg8 Kh4 57. Kc5 Kh3 58. b6 g2 59. Rxg2 Kxg2 60. Kc6 Kf3 61. b7 Ke4 62. Kc7 Kd5 63. b8=Q Rxb8 64. Kxb8 1/2-1/2

[Event "Early-Titled-Tuesday-Blitz-July-09-2024"]
[Site "Chess.com"]
[Date "2024.07.09"]
[Round "10"]
[White "jbking07"]
[Black "Austen48"]
[Result "1-0"]
[WhiteElo "2447"]
[BlackElo "2267"]
[TimeControl "180+1"]
[EndTime "9:58:06 PDT"]
[Termination "jbking07 won on time"]

1. e4 e5 2. Nf3 Nc6 3. d4 exd4 4. Nxd4 Nf6 5. Nxc6 bxc6 6. Qe2 Qe7 7. Nc3 g6 8. Bg5 h6 9. Bh4 g5 10. Bg3 d6 11. e5 Nd5 12. Nxd5 cxd5 13. exd6 Qxe2+ 14. Bxe2 cxd6 15. O-O-O Be6 16. Bf3 Kd7 17. Bxd5 Rb8 18. h4 g4 19. c3 h5 20. Bf4 Rg8 21. Rd2 Rg6 22. Rhd1 Rb6 23. Be4 f5 24. Bb1 Be7 25. g3 Rg8 26. Be3 Ra6 27. a3 Rc8 28. Bd3 Ra5 29.
Bf4 d5 30. Re1 Bxa3 31. bxa3 Rxc3+ 32. Rc2 Raxa3 33. Rxc3 Rxc3+ 34. Kd2 Ra3 35. Rb1 d4 36. Rb7+ Kc6 37. Re7 Ra2+ 38. Kc1 Ra1+ 39. Kb2 Ra2+ 40. Kb1 Bb3 41. Bxf5 Rxf2 42. Rxa7 Rf1+ 43. Kb2 Bc4 44. Be4+ Kb5 45. Rb7+ Ka5 46. Bc7+ Ka6 47. Rb6+ Ka7 48. Rb4 Rf2+ 49. Kc1 Be6 50. Rxd4 Ka6 51. Bf4 Kb5 52.
Bd5 Bf5 53. Bf7 Rc2+ 54. Kd1 Rc5 55. Rd5 Rxd5+ 56. Bxd5 Bg6 57. Be6 Kc5 58. Kd2 Kd4 59. Bd7 Ke4 60. Kc3 Kf3 61. Kd4 Kg2 62. Ke5 Kh3 63. Kf6 Bd3 64. Bf5 Bb5 65. Kg5 1-0

[Event "Early-Titled-Tuesday-Blitz-July-09-2024"]
[Site "Chess.com"]
[Date "2024.07.09"]
[Round "10"]
[White "Vaathi_Coming"]
[Black "Msb2"]
[Result "1-0"]
[WhiteElo "2930"]
[BlackElo "3084"]
[TimeControl "180+1"]
[EndTime "9:58:09 PDT"]
[Termination "Vaathi_Coming won by checkmate"]

1. Nf3 d5 2. d4 e6 3. e3 Nf6 4. Bd3 Bd6 5. O-O O-O 6. Nbd2 Nbd7 7. b3 b6 8. Bb2 Bb7 9. a4 c5 10. a5 Qc7 11. a6 Bc6 12. c4 Rac8 13. Qe1 e5 14. cxd5 Nxd5 15. Qb1 N5f6 16. Bf5 Rce8 17. dxc5 Nxc5 18. b4 Ncd7 19. Rc1 Rc8 20. b5 Bxb5 21.
Rxc7 Rxc7 22. Bxd7 Nxd7 23. Ne4 Be7 24. Bxe5 Nxe5 25.
Qxb5 Nc4 26. Nd4 Rfc8 27. g3 h6 28. Qf5 Rd8 29. Kg2 Bf8 30. h4 g6 31. Qf4 Rcc8 32.
h5 g5 33. Qf5 Bg7 34. Nf6+ Kf8 35. Nd5 Nd6 36. Qf3 Re8 37. Ra2 Rc5 38. Nxb6 g4 39.
Nd7+ Ke7 40. Qxg4 Rg5 41. Qf3 Kxd7 42. Qc6+ Ke7 43. Qc7+ Kf8 44. Qxd6+ Kg8 45. Rb2 Be5 46.
Qd7 Rf8 47. Qxa7 f5 48. Rc2 Rg7 49. Qb6 f4 50. exf4 Rxf4 51. Ne6 Rf6 52. Qd8+ Kh7 53. Qxf6 Bxf6 54. Nxg7 Bd4 55. Nf5 Bb6 56. a7 Bxa7 57.
Rc7+ Kg8 58. Rxa7 Kf8 59. Kf3 Ke8 60. Ke4 Kd8 61. Ke5 Ke8 62. Kd6 Kf8 63. Ke6 Kg8 64. Kf6 Kh8 65. Kg6 Kg8 66. Ra8# 1-0

[Event "Early-Titled-Tuesday-Blitz-July-09-2024"]
[Site "Chess.com"]
[Date "2024.07.09"]
[Round "10"]
[White "sofaceindisguise"]
[Black "Brown_Bear_MGL"]
[Result "1-0"]
[WhiteElo "2779"]
[BlackElo "2645"]
[TimeControl "180+1"]
[EndTime "9:58:10 PDT"]
[Termination "sofaceindisguise won by resignation"]

1. d4 Nf6 2. Nf3 e6 3. c4 Bb4+ 4. Nbd2 O-O 5. g3 b6 6. Bg2 Bb7 7. O-O Be7 8. Qc2 c5 9. dxc5 Bxc5 10. Nb3 Be7 11. Bf4 d6 12. Rfe1 Be4 13. Qd2 Qc7 14. Rac1 Rd8 15. c5 bxc5 16. Nxc5 Qb6 17. Nxe4 Nxe4 18. Qd4 d5 19. Be3 Nd7 20. Ne5 Bc5 21.
Nxd7 Bxd4 22. Nxb6 Bxb6 23. Bxe4 Bxe3 24. Bxh7+ Kxh7 25.
fxe3 Rac8 26. Kf2 Kg6 27. h4 Kf5 28. Kf3 Ke5 29. g4 f5 30. gxf5 Kxf5 31. Rg1 Kf6 32. h5 Rh8 33. Rg6+ Kf7 34. Rcg1 Rh7 35. R1g4 a5 36.
Rf4+ Ke7 37. Ra4 Rc5 38. b4 axb4 39. Rxb4 Rxh5 40. Rb7+ Kd6 41. Rb6+ Rc6 42. Rxe6+ Kxe6 43. Rxc6+ Ke5 44. a4 Rh4 45. a5 Ra4 46. a6 g5 47.
Rb6 g4+ 48. Kg3 Ke4 49. Re6+ Kf5 50. Rb6 Ke4 51. Kf2 g3+ 52. Kxg3 Kxe3 53. Re6+ Kd2 54. Kf3 d4 55. Kf2 Kc3 56. Rc6+ Kd2 57. Kf3 Ra3+ 58.
Ke4 Ra4 59. Kf3 Ra3+ 60. Kf2 Ra4 61. Rd6 Kc3 62. Kf3 Kd2 63. e4 d3 64. e5 Kc2 65.
e6 d2 66. e7 d1=Q+ 67. Rxd1 Kxd1 68. e8=Q Rxa6 69. Qe2+ 1-0

[Event "Early-Titled-Tuesday-Blitz-July-09-2024"]
[Site "Chess.com"]
[Date "2024.07.09"]
[Round "10"]
[White "AcostaPablo"]
[Black "temus_galaktionov"]
[Result "1-0"]
[WhiteElo "2712"]
[BlackElo "2832"]
[TimeControl "180+1"]
[EndTime "9:58:14 PDT"]
[Termination "AcostaPablo won by resignation"]

1. c4 c6 2. Nf3 g6 3. e3 Bg7 4. Be2 Nf6 5. O-O O-O 6. b3 d6 7. Bb2 e5 8. d3 Re8 9. Nbd2 a5 10. Qc2 Bf5 11. Ne4 Qc7 12. Nh4 Be6 13. f4 Nxe4 14.
dxe4 Qe7 15. Nf3 Bc8 16. f5 Bh6 17. Qc3 Na6 18. Rae1 Nc5 19. Bd3 Nxd3 20. Qxd3 gxf5 21. exf5 f6 22. Nd2 Rd8 23. Rf3 d5 24. Rh3 Bg7 25. Rf1 a4 26. Qe2 axb3 27. axb3 Ra2 28. Bc3 dxc4 29.
Qxc4+ Qf7 30. Qh4 Rdxd2 31. Qxh7+ Kf8 32. Bb4+ Ke8 33. Bxd2 Rxd2 34. Rg3 Bf8 35. Qh8 c5 36. h4 Rd7 37. h5 Qh7 38. Qxf6 Qxh5 39. Qxe5+ Re7 40.
Qxc5 Bd7 41. Qd4 Bc6 42. f6 Rd7 43. Qg4 Qxg4 44. Rxg4 Kf7 45. Rh4 Rd6 46. b4 Rxf6 47.
Rh7+ Kg6 48. Rxf6+ Kxf6 49. b5 Be4 50. Rh4 Ke5 51.
Rh5+ Ke6 52. Rh4 Bd3 53. b6 Bc5 54. Kf2 Kd5 55. Rh6 Kc4 56. g4 Kb5 57. g5 Bxb6 58. g6 Bc4 59. g7 Bc5 60. Rh5 Kb4 61. Rh4 b5 62. g8=Q Kb3 63. Rxc4 bxc4 64. Qb8+ Bb4 65. Ke2 c3 66. Kd3 c2 67. Qc8 c1=Q 68. Qxc1 1-0

[Event "Early-Titled-Tuesday-Blitz-July-09-2024"]
[Site "Chess.com"]
[Date "2024.07.09"]
[Round "10"]
[White "GoltsevDmitry2000"]
[Black "djano"]
[Result "1-0"]
[WhiteElo "2750"]
[BlackElo "2607"]
[TimeControl "180+1"]
[EndTime "9:58:20 PDT"]
[Termination "GoltsevDmitry2000 won by resignation"]

1. e4 e6 2. d4 d5 3. exd5 Qxd5 4.
Nf3 Nf6 5. c4 Qd8 6. Nc3 Be7 7.
Bd3 O-O 8. O-O b6 9. Ne5 Bb7 10.
Bg5 Nc6 11. Nxc6 Bxc6 12. Re1 Re8 13. Rc1 Qd7 14. d5 exd5 15. cxd5 Nxd5 16. Bxe7 Nxe7 17. Qc2 Ng6 18. Ne4 Nf4 19. Qxc6 Qxc6 20. Rxc6 Nxd3 21. Re3 Nb4 22. Rc4 c5 23. a3 Nd5 24. Rd3 Nf4 25.
Rd7 f5 26. g3 Ng6 27. Nd6 Re1+ 28. Kg2 Ne5 29. Re7 Nxc4 30. Rxe1 Nxd6 31. Re7 Kf8 32.
Rd7 Ne8 33. Kf3 Nf6 34. Rb7 c4 35. Kf4 c3 36. bxc3 Rc8 37. Kxf5 Rxc3 38. Rxa7 Rf3+ 39. Ke6 Rxf2 40. h4 Re2+ 41. Kd6 Re3 42. Kc6 Rxg3 43. Kxb6 Rh3 44. Ra4 Ke7 45. Ra7+ Nd7+ 46. Kc6 Rc3+ 47. Kd5 Rd3+ 48. Kc6 Rd6+ 49. Kc7 Ke6 50. a4 g6 51. a5 Nc5 52. Kc8 h5 53. Rc7 Na6 54.
Rc2 Nb4 55. Rc4 Nd5 56. Kb7 Ke5 57. a6 Rd7+ 58. Kb8 Nb6 59. Rb4 Nd5 60. Rb5 Kd6 61.
a7 Rd8+ 62. Kb7 Rd7+ 63. Kb8 Nc7 64. Rb6+ Ke7 65. Kc8 Na6 66. Rb7 Rxb7 67. Kxb7 Nc5+ 68. Kc6 Ne6 69. a8=Q Kf6 70. Qh8+ Kf5 71. Kd6 1-0

[Event "Early-Titled-Tuesday-Blitz-July-09-2024"]
[Site "Chess.com"]
[Date "2024.07.09"]
[Round "10"]
[White "adreyd"]
[Black "Feegus"]
[Result "1-0"]
[WhiteElo "2419"]
[BlackElo "2581"]
[TimeControl "180+1"]
[EndTime "9:58:20 PDT"]
[Termination "adreyd won by checkmate"]

1. e4 c6 2. Nf3 d5 3. Nc3 dxe4 4. Nxe4 Nf6 5. Nxf6+ exf6 6. Bc4 Bd6 7. Qe2+ Be7 8. O-O O-O 9. h3 Re8 10. d3 Bd6 11.
Be3 Be6 12. Bxe6 Rxe6 13. Rfe1 Nd7 14. Qd2 Qc7 15. Nd4 Re5 16. Nf3 Ree8 17. c3 Rad8 18.
Qc2 b5 19. Re2 Nb6 20. Bxb6 axb6 21. Rae1 Rxe2 22. Rxe2 g6 23. a3 Kg7 24. Qd1 Qd7 25. d4 Qf5 26. Qc2 Qf4 27. Qd2 Qf5 28. Qc2 Qd5 29. Qe4 Qxe4 30. Rxe4 Kf8 31. Kf1 Re8 32.
Rxe8+ Kxe8 33. Ke2 Ke7 34. Kd3 Ke6 35. Nd2 f5 36.
Nf3 f6 37. Ne1 g5 38. Nc2 h5 39. Nb4 c5 40. dxc5 bxc5 41. Nc2 f4 42. f3 Kd5 43. b4 c4+ 44. Kd2 Be5 45. Ne1 f5 46. Kc2 g4 47.
Kb2 Bf6 48. Nc2 Be5 49. a4 bxa4 50. Na3 Bf6 51. Nb1 Kc6 52. Na3 Kd5 53. Nb5 h4 54.
Na3 Be5 55. Nb1 Bf6 56. Ka3 g3 57. Kxa4 Bxc3 58. Nxc3+ Kd4 59. Nd1 Kd3 60. b5 Kd2 61. Nb2 c3 62. Nc4+ Kd3 63. Na3 Ke2 64. b6 Kf2 65. b7 Kxg2 66. b8=Q Kxh3 67. Qxf4 g2 68. Qxf5+ Kh2 69. Qf4+ Kh3 70. Qg4+ Kh2 71. Qxh4+ Kg1 72. Nc2 Kf1 73. Qe1# 1-0

[Event "Early-Titled-Tuesday-Blitz-July-09-2024"]
[Site "Chess.com"]
[Date "2024.07.09"]
[Round "10"]
[White "GrotBchess"]
[Black "ThetNaung291"]
[Result "1/2-1/2"]
[WhiteElo "2582"]
[BlackElo "2445"]
[TimeControl "180+1"]
[EndTime "9:58:22 PDT"]
[Termination "Game drawn - insufficient material"]

1. e4 c5 2. Nf3 d6 3. d4 cxd4 4.
Nxd4 Nf6 5. Nc3 a6 6. h3 b5 7. g4 Bb7 8. Bg2 e6 9. a3 Nbd7 10. O-O Nc5 11. Qe2 Qc7 12. g5 Nfd7 13. b4 Na4 14. Nxa4 bxa4 15. c4 Rc8 16. Be3 Qxc4 17. Qd1 Be7 18. Qxa4 Qc7 19. Rac1 Qd8 20. f4 O-O 21. h4 Nb6 22. Qb3 d5 23. e5 Nc4 24. f5 exf5 25. Nxf5 Nxe5 26. Rxc8 Bxc8 27. Bd4 Bxf5 28. Rxf5 Nc6 29. Rxd5 Qc8 30. Bf2 Qg4 31. Qf3 Qc4 32. Qd3 Qc1+ 33. Qd1 Qxa3 34. Rd3 Qxb4 35. Bxc6 Bc5 36. Bg2 Bxf2+ 37. Kxf2 Qxh4+ 38. Kg1 Qxg5 39. Qf3 a5 40. Rd5 Qc1+ 41. Rd1 Qc5+ 42. Kh2 g6 43.
Qd5 Qxd5 44. Bxd5 Kg7 45. Ra1 Rd8 46. Rxa5 Rd7 47. Kg3 h5 48. Bf3 f6 49. Bxh5 gxh5 50. Rxh5 Kg6 51. Rh1 Kg5 52. Kf2 Rd2+ 53. Ke3 Ra2 54.
Rg1+ Kf5 55. Rf1+ Ke5 56. Rb1 Ra3+ 57. Kf2 Kf4 58. Rb4+ Kg5 59. Rc4 f5 60. Rb4 f4 61.
Rb8 Kg4 62. Rg8+ Kf5 63. Rf8+ Ke5 64. Re8+ Kd6 65. Rf8 Ra4 66. Kf3 Ke5 67. Re8+ Kf6 68. Rf8+ Kg7 69. Rxf4 Rxf4+ 70. Kxf4 1/2-1/2

[Event "Early-Titled-Tuesday-Blitz-July-09-2024"]
[Site "Chess.com"]
[Date "2024.07.09"]
[Round "10"]
[White "klercaku"]
[Black "NM_Antelacus"]
[Result "1-0"]
[WhiteElo "2379"]
[BlackElo "2282"]
[TimeControl "180+1"]
[EndTime "9:58:23 PDT"]
[Termination "klercaku won on time"]

1. e4 c5 2. Nf3 Nc6 3. d4 cxd4 4.
Nxd4 Nf6 5. Nc3 e5 6. Ndb5 d6 7. Bg5 a6 8. Na3 b5 9. Nd5 Be7 10. Bxf6 Bxf6 11. c3 O-O 12. Nc2 Bg5 13. Nce3 Ne7 14.
Qd3 Be6 15. Rd1 Nxd5 16. Nxd5 f5 17. Be2 Kh8 18. Bf3 Ra7 19. O-O Raf7 20. exf5 Bxf5 21.
Be4 Qb8 22. Nb4 Bxe4 23. Qxe4 Qb6 24. Qc6 Qxc6 25. Nxc6 Rf6 26. f3 Be3+ 27. Kh1 Bc5 28. Ne7 a5 29. Nd5 R6f7 30. Rfe1 Rc8 31. Rc1 h6 32. b4 Bf2 33. Re2 Bh4 34. bxa5 Ra8 35. c4 bxc4 36. Rxc4 Bg5 37. Ra4 Rfa7 38. h4 Bd8 39. Ne3 Rxa5 40. Rxa5 Rxa5 41. Nc4 Rd5 42. a4 Kg8 43. g3 Kf7 44. Rb2 Ke6 45. Ne3 Rd3 46. Nc4 Rxf3 47. a5 Rc3 48. Rb4 Rc1+ 49.
Kg2 Ra1 50. Rb5 d5 51. Nb6 Bxb6 52. Rxb6+ Kf5 53. Rb7 g5 54. hxg5 hxg5 55. Rf7+ Kg4 56. Ra7 Ra2+ 57. Kf1 Kxg3 58. a6 g4 59. Ra8 e4 60. a7 d4 61. Re8 Rxa7 62. Rxe4 Ra4 63. Ke2 Kh3 64. Kd3 g3 65. Re8 g2 66. Rh8+ Kg3 67.
Rg8+ Kf2 68. Rf8+ Kg1 69. Rg8 Ra2 70. Kxd4 Kf1 71. Rf8+ 1-0

[Event "Early-Titled-Tuesday-Blitz-July-09-2024"]
[Site "Chess.com"]
[Date "2024.07.09"]
[Round "10"]
[White "Bilan_Danila"]
[Black "EpicWarrior2015"]
[Result "1-0"]
[WhiteElo "2586"]
[BlackElo "2418"]
[TimeControl "180+1"]
[EndTime "9:58:26 PDT"]
[Termination "Bilan_Danila won by resignation"]

1. d4 d5 2. Nf3 Bf5 3. c4 e6 4.
Qb3 Nc6 5. cxd5 exd5 6. a3 a6 7. Nc3 Nf6 8. Bg5 Be6 9. e3 Be7 10. Ne5 Nxe5 11. dxe5 Ne4 12. Bxe7 Qxe7 13. Nxe4 dxe4 14.
Qxb7 O-O 15. Qxe4 Rab8 16. b4 a5 17. b5 Qc5 18. Qd4 Qe7 19. Be2 Rfd8 20. Qc3 Qg5 21. O-O Bh3 22. Bf3 Rxb5 23. Qxc7 Be6 24. Rfd1 Rc8 25. Qd6 Rxe5 26. Rac1 Rxc1 27. Rxc1 h6 28.
Be2 Rd5 29. Qb8+ Kh7 30. Bc4 Rd8 31. Bd3+ Rxd3 32. Qb1 Qg6 33. Rd1 Rxd1+ 34. Qxd1 Qf5 35. h3 Qc5 36. Qd3+ g6 37. Kh2 Kg7 38. f4 Bc4 39. Qc3+ Kh7 40. Kg3 Qc6 41. Kf2 Bd5 42. Qxa5 Qc2+ 43.
Ke1 Qxg2 44. Qc7 Qg1+ 45. Ke2 Qg2+ 46. Kd3 Qe4+ 47. Kd2 Bc4 48. Qd7 Qd5+ 49. Qxd5 Bxd5 50. Kc3 Kg7 51. Kd4 Ba8 52. Ke5 Kf8 53. Kf6 Be4 54.
a4 Bd5 55. a5 Ke8 56. a6 Kd7 57.
a7 Ke8 58. h4 Kf8 59. Ke5 Ba8 60. Kd6 Kg7 61. Ke7 f6 62. Ke6 Bb7 63. Kd6 Kf7 64.
Kd7 Be4 65. Kd6 Bb7 66. Kd7 Ba8 67. Kd6 f5 68. Ke5 Ke7 69. h5 gxh5 70. Kxf5 Bf3 71. e4 Bg4+ 72. Ke5 Bc8 73. a8=Q 1-0

[Event "Early-Titled-Tuesday-Blitz-July-09-2024"]
[Site "Chess.com"]
[Date "2024.07.09"]
[Round "10"]
[White "alexrustemov"]
[Black "hakanazeri2"]
[Result "0-1"]
[WhiteElo "2874"]
[BlackElo "2681"]
[TimeControl "180+1"]
[EndTime "9:58:28 PDT"]
[Termination "hakanazeri2 won by resignation"]

1. d4 Nf6 2. c4 e6 3. Nf3 d5 4.
Nc3 Bb4 5. Bg5 h6 6. Bxf6 Qxf6 7.
e3 O-O 8. Qb3 c5 9. cxd5 exd5 10. dxc5 Bxc3+ 11. Qxc3 Qxc3+ 12. bxc3 Nd7 13. c6 bxc6 14.
c4 dxc4 15. Bxc4 Nb6 16. Be2 c5 17. O-O Be6 18. Rfc1 Rac8 19. a4 a5 20. Bb5 Bd5 21. Ne5 c4 22. Rc3 Rc5 23. Nd7 Nxd7 24. Bxd7 Bc6 25.
Bxc6 Rxc6 26. f3 Rb8 27. Ra2 Rb3 28. Rac2 Rb4 29. Ra3 Rcb6 30. Raa2 Rb1+ 31. Kf2 R6b4 32. e4 Rd1 33. Rc3 h5 34. Ke3 g5 35. h4 gxh4 36.
Kf4 f6 37. Kf5 Kf7 38. f4 Rd3 39. Rc1 c3 40. Rac2 Rc4 41. e5 fxe5 42. Kxe5 Re3+ 43. Kd5 Rxf4 44. Rxc3 Rxc3 45. Rxc3 Rxa4 46. Ke5 Rg4 47. Rc2 Kg6 48. Rc8 a4 49. Rg8+ Kf7 50. Ra8 Rxg2 51.
Rxa4 Rg5+ 52. Kd6 Rg4 53. Ra1 Kf6 54. Rf1+ Kg5 55. Ke5 h3 56. Rh1 Kh4 57. Kf5 Kg3 58. Rg1+ Kf2 59. Rh1 Kg2 60. Ra1 h2 61. Ra2+ Kh3 62.
Ra1 Rg1 63. Ra3+ Kg2 64. Ra2+ Kh3 65. Ra3+ Kh4 66. Ra4+ Rg4 67. Ra1 Kh3 68. Ra3+ Rg3 69. Ra1 Rf3+ 70. Kg5 Kg2 71. Ra2+ Rf2 72. Ra1 h1=Q 73.
Rxh1 Kxh1 74. Kxh5 Kg2 0-1

[Event "Early-Titled-Tuesday-Blitz-July-09-2024"]
[Site "Chess.com"]
[Date "2024.07.09"]
[Round "10"]
[White "KevinGeorgeMicheal"]
[Black "Witik"]
[Result "0-1"]
[WhiteElo "2535"]
[BlackElo "2678"]
[TimeControl "180+1"]
[EndTime "9:58:34 PDT"]
[Termination "Witik won by resignation"]

1. Nf3 Nf6 2. g3 g6 3. Bg2 Bg7 4. O-O O-O 5. d3 d5 6. Nbd2 c5 7. e4 Nc6 8. Re1 e5 9. exd5 Nxd5 10. Nc4 f6 11. Ne3 Nde7 12. a3 Be6 13. Bd2 a5 14. a4 Qc7 15. Nc4 Rad8 16. Qe2 Kh8 17. b3 Nf5 18. Bc3 b6 19. h3 Rfe8 20. Kh2 Bf7 21. Qf1 Nb4 22. Na3 Ne7 23. Qe2 h6 24. Nb5 Qd7 25. Bb2 Nec6 26. Rad1 Nd4 27. Nfxd4 cxd4 28.
Na3 Kh7 29. Nc4 Qc7 30. Ba3 Nd5 31. Bb2 f5 32. h4 h5 33. Kg1 Nc3 34. Bxc3 dxc3 35.
Kh2 Rd4 36. Bf3 Bxc4 37. bxc4 Red8 38. Bd5 Qc5 39. Rb1 R8xd5 40. cxd5 Rxa4 41. d4 Rxd4 42. Qb5 Rxd5 43. Qxb6 Qxb6 44. Rxb6 Rd2 45. Kg1 Rxc2 46.
Ra6 e4 47. Rxa5 Bd4 48. Rf1 Rd2 49. Rd5 Bxf2+ 50. Rxf2 Rxd5 51. Rc2 Rd3 52. Kf2 g5 53. hxg5 Kg6 54. Rc1 Kxg5 55. Ra1 Kg4 56. Ra8 Rf3+ 57. Ke2 Kxg3 58. Rg8+ Kh3 59. Rg5 h4 60. Rg8 Kh2 61.
Rc8 h3 62. Rg8 Rg3 63. Rf8 Kg2 64. Rxf5 h2 65. Rf2+ Kh3 66. Rf1 Rg1 67. Rf8 h1=Q 68. Rh8+ Kg4 69. Rg8+ Kf5 70. Rf8+ Ke6 71. Re8+ Kd7 72.
Re7+ Kxe7 73. Ke3 Qf3+ 74. Kd4 Qd3+ 75. Kc5 c2 76. Kb6 c1=Q 0-1

[Event "Early-Titled-Tuesday-Blitz-July-09-2024"]
[Site "Chess.com"]
[Date "2024.07.09"]
[Round "10"]
[White "GHANDEEVAM2003"]
[Black "Kirill_Klukin"]
[Result "1-0"]
[WhiteElo "3173"]
[BlackElo "2929"]
[TimeControl "180+1"]
[EndTime "9:58:39 PDT"]
[Termination "GHANDEEVAM2003 won by resignation"]

1. c4 c5 2. g3 g6 3. Bg2 Bg7 4. Nc3 Nc6 5. d3 a6 6. Qd2 Rb8 7. b3 d6 8. Bb2 Nf6 9. h4 Bd7 10. Nh3 b5 11. Nd5 e6 12. Nxf6+ Bxf6 13. h5 Qe7 14. f4 Nd4 15. e3 Nf5 16. g4 Nxe3 17. Bf3 bxc4 18. Bxf6 Qxf6 19. Rc1 cxb3 20. Qxe3 bxa2 21.
O-O O-O 22. Nf2 Rb2 23. g5 Qd4 24. Qxd4 cxd4 25. Ne4 Bb5 26. Nf6+ Kh8 27. hxg6 hxg6 28. Rf2 Rxf2 29. Kxf2 Kg7 30. Ra1 Bxd3 31. Rxa2 Rb8 32. Rd2 Bc4 33. Rxd4 d5 34. Rd2 a5 35. Be2 Bb3 36.
Bd1 a4 37. Rb2 Rb4 38. Ke3 d4+ 39. Kd2 d3 40. Bxb3 axb3 41. Ke3 d2 42. Kxd2 Rxf4 43. Rxb3 Rf2+ 44. Ke3 Rf5 45. Ne4 Ra5 46. Rb7 Rf5 47.
Rd7 Rf1 48. Nd6 Kf8 49. Ke2 Rf4 50. Ke3 Rf1 51. Ke4 Kg7 52. Ke5 Re1+ 53. Kf4 Rf1+ 54. Ke5 Re1+ 55. Kd4 Rd1+ 56. Kc4 Rc1+ 57. Kb5 Rf1 58. Kc6 Rc1+ 59. Kb7 Rf1 60. Kc7 e5 61. Kd8 Kf8 62. Re7 e4 63. Rxe4 Rd1 64. Kd7 Rd5 65.
Re8+ Kg7 66. Re7 Kg8 67. Re8+ Kg7 68. Re7 Kg8 69. Rxf7 Rxd6+ 70. Kxd6 Kxf7 71. Kd7 Kf8 72. Ke6 Ke8 73. Kf6 Kf8 74. Kxg6 Kg8 75. Kf6 Kf8 76. g6 1-0

[Event "Early-Titled-Tuesday-Blitz-July-09-2024"]
[Site "Chess.com"]
[Date "2024.07.09"]
[Round "10"]
[White "Erdnya15"]
[Black "krzyzan94"]
[Result "1-0"]
[WhiteElo "2608"]
[BlackElo "2755"]
[TimeControl "180+1"]
[EndTime "9:59:36 PDT"]
[Termination "Erdnya15 won by checkmate"]

1. e4 g6 2. d4 Bg7 3. Nf3 c6 4. Bd3 d5 5. c3 dxe4 6. Bxe4 Nf6 7. Bc2 O-O 8. O-O a5 9. h3 Na6 10. Nbd2 c5 11. Nc4 cxd4 12. Nxd4 Nc5 13. Bf4 Nd5 14. Be5 f6 15. Bh2 e5 16. Nb5 Be6 17. Qe2 Qe7 18.
Nbd6 Rad8 19. Ne4 Nxe4 20. Bxe4 Qc7 21. Ne3 Nxe3 22. Qxe3 f5 23. Bc2 Rfe8 24. Rfe1 Bc4 25.
Bb3 b5 26. Rad1 Rxd1 27. Rxd1 a4 28. Bxc4+ Qxc4 29. a3 f4 30. Qf3 g5 31. h4 e4 32.
Qh5 Qe6 33. Qxg5 e3 34. Qxf4 e2 35. Re1 Rd8 36. Bg3 Rd1 37. f3 Bh6 38. Qb8+ Kf7 39. Qb7+ Kg6 40. h5+ Kxh5 41. Qxb5+ Kg6 42. Kh2 Rxe1 43.
Bxe1 Bf4+ 44. g3 Bc1 45. Qxa4 Qe3 46. Qc2+ Kg7 47. Kg2 h5 48. c4 h4 49. gxh4 Kf7 50. c5 Qh6 51. Qxe2 Qg7+ 52. Bg3 Bxb2 53. Qc4+ Kf8 54.
Qf4+ Ke8 55. Qb8+ Kf7 56. Qc7+ Ke6 57. Qxg7 Bxg7 58. c6 Bf6 59. c7 Kd7 60. h5 Bg5 61. Kh3 Kc8 62. Kg4 Bh6 63. a4 Kb7 64. a5 Bf8 65. a6+ Kc8 66. a7 Kb7 67. a8=N Bh6 68. Nb6 Bf4 69. Bxf4 Ka7 70. c8=N+ Kb7 71. h6 Kc6 72. h7 Kc5 73. h8=N Kc6 74. Bg3 Kb7 75. f4 Kb8 76. Kf3 Kb7 77. Kg2 Kc7 78. Kh3 Kd8 79. Ng6 Ke8 80. Nh4 Kf7 81. Ng2 Kf6 82. Ne3 Kg6 83. Kg4 Kh6 84. Kf3 Kg7 85. Bf2 Kh6 86. Be1 Kh5 87. Bd2 Kh4 88. Bc3 Kh3 89. Bb4 Kh2 90. Ba5 Kh3 91. f5 Kh2 92. f6 Kh3 93. f7 Kh4 94. Nd6 Kh5 95. Nbd5 Kg6 96. f8=N+ Kg7 97. Ne6+ Kg6 98. Nec4 Kh5 99. Ne5 Kh6 100.
Bd8 Kh5 101. Ndf4+ Kh6 102. Nf5+ Kh7 103. Ng5+ Kg8 104. Be7 Kh8 105. Nef7+ Kg8 106. N7h6+ Kh8 107. Ng4 Kg8 108. Ke4 Kh8 109. Kd4 Kg8 110. Kd5 Kh8 111. Kc5 Kg8 112. Kc6 Kh8 113. Kb6 Kg8 114. Kb7 Kh8 115. Ka7 Kg8 116. Ka6 Kh8 117. Ka5 Kg8 118. Ka4 Kh8 119. Ka3 Kg8 120.
Ka2 Kh8 121. Ka1 Kg8 122. Kb1 Kh8 123. Kc1 Kg8 124. Kd1 Kh8 125. Ke1 Kg8 126. Kf1 Kh8 127. Kg1 Kg8 128. Kh1 Kh8 129. Kh2 Kg8 130. Kg2 Kh8 131. Kg1 Kg8 132. Ngh6+ Kh8 133. Ng6# 1-0

[Event "Early-Titled-Tuesday-Blitz-July-09-2024"]
[Site "Chess.com"]
[Date "2024.07.09"]
[Round "11"]
[White "aanshnerurkar"]
[Black "rdarruda"]
[Result "1-0"]
[WhiteElo "2466"]
[BlackElo "2552"]
[TimeControl "180+1"]
[EndTime "10:01:28 PDT"]
[Termination "aanshnerurkar won by resignation"]

1. e4 c5 2. Nf3 Nc6 3. Bb5 g6 4. O-O Bg7 5. c3 e5 6. d4 cxd4 7. cxd4 exd4 8. Bf4 Nge7 9. Bd6 a6 10. Ba4 b5 11.
Bb3 O-O 12. Nbd2 Bb7 13. Rc1 Na5 14. Bc7 1-0

[Event "Early-Titled-Tuesday-Blitz-July-09-2024"]
[Site "Chess.com"]
[Date "2024.07.09"]
[Round "11"]
[White "Pachonpower"]
[Black "Bilan_Danila"]
[Result "1-0"]
[WhiteElo "2474"]
[BlackElo "2575"]
[TimeControl "180+1"]
[EndTime "10:01:42 PDT"]
[Termination "Pachonpower won by checkmate"]

1. d4 d5 2. Nf3 Nf6 3. e3 c5 4. Nbd2 Nc6 5. c3 cxd4 6. exd4 Bg4 7. Be2 e6 8. O-O Bd6 9. Re1 O-O 10. Ne5 Bxe2 11. Qxe2 Qc7 12. f4 Rac8 13. Rf1 a6 14. g4 Nd7 15. Ndf3 f5 16. Ng5 Rce8 17. gxf5 exf5 18. Qh5 Nf6 19. Qh4 g6 20. Be3 Ne4 21. Rf3 Be7 22. Qxh7# 1-0

[Event "Early-Titled-Tuesday-Blitz-July-09-2024"]
[Site "Chess.com"]
[Date "2024.07.09"]
[Round "11"]
[White "le-castor-faineant"]
[Black "Payyappat"]
[Result "0-1"]
[WhiteElo "2315"]
[BlackElo "2414"]
[TimeControl "180+1"]
[EndTime "10:01:54 PDT"]
[Termination "Payyappat won by checkmate"]

1. e4 c6 2. d4 d5 3. Nc3 dxe4 4. Nxe4 Nf6 5. Nxf6+ exf6 6. Nf3 Bd6 7. Bd3 O-O 8. O-O Re8 9. h3 Nd7 10. c3 Nf8 11. a4 Bc7 12. b4 Be6 13. a5 Bd5 14.
a6 Qd6 15. g3 b6 16. Be3 Rxe3 17. fxe3 Qxg3+ 18. Kh1 Qh2# 0-1

[Event "Early-Titled-Tuesday-Blitz-July-09-2024"]
[Site "Chess.com"]
[Date "2024.07.09"]
[Round "11"]
[White "JuliaEfremova"]
[Black "UnTucopalaTimba"]
[Result "1-0"]
[WhiteElo "2276"]
[BlackElo "2114"]
[TimeControl "180+1"]
[EndTime "10:02:14 PDT"]
[Termination "JuliaEfremova won by checkmate"]

1. d4 Nf6 2. Nc3 d5 3. e4 dxe4 4. f3 exf3 5. Nxf3 Bg4 6. h3 Bh5 7. g4 Bg6 8. Ne5 Nbd7 9. Qe2 c6 10. h4 h5 11. Nxg6 fxg6 12. g5 Nd5 13. Qe6 Nxc3 14.
Qxg6# 1-0